MID
LAKEWOOD BLUECLAWS @ FORT WAYNE TINCAPS
09/05/2047
 
TOP OF THE 1ST
Lakewood BlueClaws batting - Pitching for Fort Wayne TinCaps : RHP Eric Johnson
Pitching: RHP Eric Johnson
Batting: RHB Joe Hewitt 0-0: Ball
1-0: Fly out, F8 (Line Drive, 8RD, EV 93.1 MPH)
Batting: SHB Ben Myers 0-0: Ball
1-0: Called Strike
1-1: Ball
2-1: DOUBLE (Line Drive, 78XD, EV 101.2 MPH)
Batting: LHB Danny Zuniga 0-0: Ball
1-0: Ball
2-0: Ball
3-0: Called Strike
3-1: Base on Balls
Batting: SHB Gabe Fraunfelder 0-0: Ball
1-0: Foul Ball, location: 2F
1-1: Ball
2-1: Ball
3-1: TRIPLE (Flyball, 89XD, EV 96.9 MPH)
Ben Myers scores
Danny Zuniga scores
Batting: RHB Allen Gravel 0-0: Swinging Strike
0-1: SINGLE (Groundball, 56D, EV 93.8 MPH)
Gabe Fraunfelder scores
Batting: RHB Marcus Dawson 0-0: Ball
1-0: Ball
2-0: Called Strike
2-1: Foul Ball, location: 2F
2-2: Grounds into double play, 4-6-3 (Groundball, 4, EV 89.4 MPH)
Top of the 1st over - 3 runs, 3 hits, 0 errors, 0 left on base; Lakewood 3 - Fort Wayne 0
BOTTOM OF THE 1ST
Fort Wayne TinCaps batting - Pitching for Lakewood BlueClaws : RHP Arsène Serre
Pitching: RHP Arsène Serre
Batting: RHB Dave McBain 0-0: SINGLE (Groundball, 6MD, EV 103.1 MPH)
Batting: RHB Tak-keung Chieu 0-0: Ball
1-0: Ball
2-0: Foul Ball, location: 2F
2-1: Foul Ball, location: 2F
2-2: Strikes out looking
Batting: LHB Carlos Cuellar 0-0: Called Strike
Dave McBain is caught stealing 2nd base 2-6
0-1: Ball
1-1: Ball
2-1: DOUBLE (Groundball, 3L, EV 93.8 MPH)
Batting: RHB Freddie Brown 0-0: Ball
1-0: 2-RUN HOME RUN (Flyball, 7D, EV 95.6 MPH), Distance : 382 ft
Batting: SHB Yutaro Takahashi 0-0: Called Strike
0-1: Foul Ball, location: 2F
0-2: Foul Ball, location: 2F
0-2: Ball
1-2: Foul Ball, location: 2F
1-2: Foul Ball, location: 2F
1-2: Ground out 4-3 (Groundball, 4, EV 101.2 MPH)
Bottom of the 1st over - 2 runs, 3 hits, 0 errors, 0 left on base; Lakewood 3 - Fort Wayne 2
TOP OF THE 2ND
Lakewood BlueClaws batting - Pitching for Fort Wayne TinCaps : RHP Eric Johnson
Batting: RHB Frank Ramirez 0-0: Called Strike
0-1: Ball
1-1: Foul Ball, location: 2F
1-2: Fly out, F8 (Flyball, 8LS, EV 88.8 MPH)
Batting: RHB Cory Bonham 0-0: Swinging Strike
0-1: Foul Ball, location: 2F
0-2: Foul Ball, location: 2F
0-2: Ball
1-2: SINGLE (Groundball, 34D, EV 101.9 MPH)
Batting: RHB Ioan Biros 0-0: Fly out, F7 (Flyball, 7, EV 86.2 MPH)
Batting: RHB Joe Hewitt 0-0: Called Strike
0-1: Foul Ball, location: 2F
0-2: Ball
Cory Bonham steals 2nd base
1-2: Strikes out looking
Top of the 2nd over - 0 runs, 1 hit, 0 errors, 1 left on base; Lakewood 3 - Fort Wayne 2
BOTTOM OF THE 2ND
Fort Wayne TinCaps batting - Pitching for Lakewood BlueClaws : RHP Arsène Serre
Batting: RHB John Freeman 0-0: Ball
1-0: Ball
2-0: DOUBLE (Line Drive, 7LS, EV 108.1 MPH)
Batting: RHB Hector Fernandez 0-0: Called Strike
0-1: Called Strike
0-2: Strikes out swinging
Batting: RHB Phil McFadden 0-0: Ball
1-0: Ball
2-0: Foul Ball, location: 2F
2-1: Foul Ball, location: 2F
2-2: Fly out, F7 (Flyball, 7S, EV 65.0 MPH)
Batting: RHB Ed Oake 0-0: Ball
1-0: Swinging Strike
1-1: Foul Ball, location: 2F
1-2: Ball
2-2: Ball
3-2: Foul Ball, location: 2F
3-2: Strikes out swinging
Bottom of the 2nd over - 0 runs, 1 hit, 0 errors, 1 left on base; Lakewood 3 - Fort Wayne 2
TOP OF THE 3RD
Lakewood BlueClaws batting - Pitching for Fort Wayne TinCaps : RHP Eric Johnson
Batting: SHB Ben Myers 0-0: Fly out, F9 (Flyball, 9LS, EV 88.1 MPH)
Batting: LHB Danny Zuniga 0-0: Ball
1-0: Swinging Strike
1-1: Foul Ball, location: 2F
1-2: Ball
2-2: Fly out, F7 (Flyball, 78XD, EV 101.9 MPH)
Batting: SHB Gabe Fraunfelder 0-0: Ball
1-0: Called Strike
1-1: Ball
2-1: Swinging Strike
2-2: Foul Ball, location: 2F
2-2: Strikes out swinging
Top of the 3rd over - 0 runs, 0 hits, 0 errors, 0 left on base; Lakewood 3 - Fort Wayne 2
BOTTOM OF THE 3RD
Fort Wayne TinCaps batting - Pitching for Lakewood BlueClaws : RHP Arsène Serre
Batting: RHB Dave McBain 0-0: Called Strike
0-1: Ball
1-1: Swinging Strike
1-2: Foul Ball, location: 2F
1-2: Ball
2-2: Foul Ball, location: 2F
2-2: Foul Ball, location: 2F
2-2: Ball
3-2: Strikes out looking
Batting: RHB Tak-keung Chieu 0-0: Ball
1-0: SINGLE (Groundball, 34D, EV 102.5 MPH)
Batting: LHB Carlos Cuellar 0-0: Ball
1-0: Called Strike
1-1: Ball
2-1: Foul Ball, location: 2F
2-2: Fly out, F9 (Flyball, 89M, EV 81.2 MPH)
Batting: RHB Freddie Brown 0-0: Ground out 6-3 (Groundball, 6M, EV 103.8 MPH)
Bottom of the 3rd over - 0 runs, 1 hit, 0 errors, 1 left on base; Lakewood 3 - Fort Wayne 2
TOP OF THE 4TH
Lakewood BlueClaws batting - Pitching for Fort Wayne TinCaps : RHP Eric Johnson
Batting: RHB Allen Gravel 0-0: Ball
1-0: Called Strike
1-1: Ball
2-1: Foul Ball, location: 2F
2-2: Ground out 5-3 (Groundball, 56S, EV 68.8 MPH)
Batting: RHB Marcus Dawson 0-0: Called Strike
0-1: SINGLE (Line Drive, 56D, EV 103.1 MPH)
Batting: RHB Frank Ramirez 0-0: Called Strike
Marcus Dawson is caught stealing 2nd base 2-4
0-1: Foul Ball, location: 2F
0-2: Ball
1-2: Foul Ball, location: 2F
1-2: Strikes out swinging
Top of the 4th over - 0 runs, 1 hit, 0 errors, 0 left on base; Lakewood 3 - Fort Wayne 2
BOTTOM OF THE 4TH
Fort Wayne TinCaps batting - Pitching for Lakewood BlueClaws : RHP Arsène Serre
Batting: SHB Yutaro Takahashi 0-0: Ball
1-0: Called Strike
1-1: Ball
2-1: Hit by Pitch
Batting: RHB John Freeman 0-0: Called Strike
Yutaro Takahashi is caught stealing 2nd base 2-4
0-1: Foul Ball, location: 2F
0-2: Hit by Pitch
Batting: RHB Hector Fernandez 0-0: Ball
1-0: Called Strike
1-1: Ball
2-1: Foul Ball, location: 2F
2-2: Strikes out looking
Batting: RHB Phil McFadden 0-0: Ball
1-0: Called Strike
1-1: Foul Ball, location: 2F
1-2: Ball
2-2: Foul Ball, location: 2F
2-2: Strikes out swinging
Bottom of the 4th over - 0 runs, 0 hits, 0 errors, 1 left on base; Lakewood 3 - Fort Wayne 2
TOP OF THE 5TH
Lakewood BlueClaws batting - Pitching for Fort Wayne TinCaps : RHP Eric Johnson
Batting: RHB Cory Bonham 0-0: Ball
1-0: Fly out, F7 (Flyball, 7, EV 95.0 MPH)
Batting: RHB Ioan Biros 0-0: Ball
1-0: Ground out 5-3 (Groundball, 56S, EV 88.8 MPH)
Batting: RHB Joe Hewitt 0-0: Foul Ball, location: 2F
0-1: Ball
1-1: Ball
2-1: Ground out 5-3 (Groundball, 56S, EV 83.1 MPH)
Top of the 5th over - 0 runs, 0 hits, 0 errors, 0 left on base; Lakewood 3 - Fort Wayne 2
BOTTOM OF THE 5TH
Fort Wayne TinCaps batting - Pitching for Lakewood BlueClaws : RHP Arsène Serre
Batting: RHB Ed Oake 0-0: Ball
1-0: Ball
2-0: Ball
3-0: Base on Balls
Batting: RHB Dave McBain 0-0: SINGLE (Groundball, 6MD, EV 101.2 MPH)
Ed Oake to second
Runner from 2nd tries for 3rd, SAFE, throw by CF made to third
Dave McBain to second
Batting: RHB Tak-keung Chieu 0-0: Ball
1-0: Called Strike
1-1: Ground out 1-3 (Groundball, 15S, EV 72.5 MPH)
Batting: LHB Carlos Cuellar 0-0: Ball
1-0: Called Strike
1-1: Foul Ball, location: 2F
1-2: Fly out, F9 (Line Drive, 9S, EV 84.4 MPH)
Batting: RHB Freddie Brown 0-0: Swinging Strike
0-1: Foul Ball, location: 2F
0-2: Ball
1-2: Foul Ball, location: 2F
1-2: Ball
Wild Pitch!
Ed Oake scores
Dave McBain to third
2-2: SINGLE (Flyball, 78S, EV 90.0 MPH)
Dave McBain scores
Batting: SHB Yutaro Takahashi 0-0: Ball
1-0: Ball
2-0: Called Strike
2-1: Called Strike
2-2: Foul Ball, location: 2F
2-2: Ball
3-2: Foul Ball, location: 2F
3-2: Foul Ball, location: 2F
3-2: Base on Balls
Freddie Brown to second
Batting: RHB John Freeman 0-0: Ball
1-0: SINGLE (Groundball, 6M, EV 110.6 MPH) (infield hit)
Freddie Brown to third
Yutaro Takahashi to second
Batting: RHB Hector Fernandez 0-0: Called Strike
0-1: Foul Ball, location: 2F
0-2: Ball
1-2: TRIPLE (Groundball, 3L, EV 106.9 MPH)
Freddie Brown scores
Yutaro Takahashi scores
John Freeman scores
Pitching: RHP Francis Cornick
Batting: RHB Phil McFadden 0-0: Called Strike
0-1: Ball
1-1: Foul Ball, location: 2F
1-2: Ball
2-2: Ground out 6-3 (Groundball, 6S, EV 73.1 MPH)
Bottom of the 5th over - 5 runs, 4 hits, 0 errors, 1 left on base; Lakewood 3 - Fort Wayne 7
TOP OF THE 6TH
Lakewood BlueClaws batting - Pitching for Fort Wayne TinCaps : RHP Eric Johnson
Batting: SHB Ben Myers 0-0: Ground out 6-3 (Groundball, 6, EV 81.9 MPH)
Batting: LHB Danny Zuniga 0-0: Ground out 6-3 (Groundball, 6, EV 82.5 MPH)
Batting: SHB Gabe Fraunfelder 0-0: Ball
1-0: Ball
2-0: Called Strike
2-1: Foul Ball, location: 2F
2-2: Fly out, F7 (Flyball, 7D, EV 91.2 MPH)
Top of the 6th over - 0 runs, 0 hits, 0 errors, 0 left on base; Lakewood 3 - Fort Wayne 7
BOTTOM OF THE 6TH
Fort Wayne TinCaps batting - Pitching for Lakewood BlueClaws : RHP Francis Cornick
Batting: RHB Ed Oake 0-0: Fly out, F9 (Flyball, 9, EV 87.5 MPH)
Batting: RHB Dave McBain 0-0: Ball
1-0: SINGLE (Groundball, 15S, EV 63.1 MPH) (infield hit)
Batting: RHB Tak-keung Chieu 0-0: Ball
1-0: Ball
Dave McBain steals 2nd base
2-0: DOUBLE (Line Drive, 7LS, EV 106.2 MPH)
Dave McBain scores
Batting: LHB Carlos Cuellar 0-0: Ball
1-0: Foul Ball, location: 2F
1-1: Ball
2-1: Ball
3-1: Base on Balls
Batting: RHB Freddie Brown 0-0: Called Strike
0-1: Foul Ball, location: 2F
0-2: Ball
1-2: Foul Ball, location: 2F
1-2: Ball
2-2: Ball
3-2: Base on Balls
Tak-keung Chieu to third
Carlos Cuellar to second
Batting: SHB Yutaro Takahashi 0-0: Swinging Strike
0-1: Called Strike
0-2: Strikes out swinging
Batting: RHB John Freeman 0-0: Foul Ball, location: 2F
0-1: Fly out, F7 (Flyball, 7S, EV 79.4 MPH)
Bottom of the 6th over - 1 run, 2 hits, 0 errors, 3 left on base; Lakewood 3 - Fort Wayne 8
TOP OF THE 7TH
Lakewood BlueClaws batting - Pitching for Fort Wayne TinCaps : RHP Eric Johnson
Batting: RHB Allen Gravel 0-0: Called Strike
0-1: Ball
1-1: SINGLE (Groundball, 6D, EV 95.0 MPH)
Batting: RHB Marcus Dawson 0-0: Ball
1-0: Called Strike
1-1: Ball
2-1: Ball
3-1: Fielders Choice at 2nd, 4-6 (Groundball, 4, EV 86.9 MPH)
Batting: RHB Frank Ramirez 0-0: Swinging Strike
0-1: Foul Ball, location: 2F
0-2: Foul Ball, location: 2F
0-2: Ball
Marcus Dawson steals 2nd, throwing error, E2
Marcus Dawson to third
1-2: Foul Ball, location: 2F
1-2: Ball
2-2: Ball
3-2: Strikes out swinging
Batting: RHB Cory Bonham 0-0: Called Strike
Balk!
Marcus Dawson scores
0-1: Ball
1-1: Swinging Strike
1-2: Ball
2-2: Ball
3-2: Strikes out swinging
Top of the 7th over - 1 run, 1 hit, 1 error, 0 left on base; Lakewood 4 - Fort Wayne 8
BOTTOM OF THE 7TH
Fort Wayne TinCaps batting - Pitching for Lakewood BlueClaws : RHP Francis Cornick
Pitching: RHP Javier Perez
Batting: RHB Hector Fernandez 0-0: Ball
1-0: SINGLE (Flyball, 78S, EV 92.5 MPH)
Batting: RHB Phil McFadden 0-0: Ball
1-0: Ball
2-0: Foul Ball, location: 2F
2-1: SINGLE (Line Drive, 8RS, EV 109.4 MPH)
Hector Fernandez to second
Batting: RHB Ed Oake 0-0: Bunt missed!
0-1: Sac Bunt to 23 - play at first, batter OUT! 3-4
Hector Fernandez to third
Phil McFadden to second
Batting: RHB Dave McBain 0-0: Called Strike
0-1: Ball
1-1: Ball
2-1: SINGLE (Groundball, 6S, EV 67.5 MPH) (infield hit)
Hector Fernandez scores
Phil McFadden to third
Batting: RHB Tak-keung Chieu 0-0: Ball
Dave McBain steals 2nd base
1-0: Ball
2-0: Ball
Wild Pitch!
Phil McFadden scores
Dave McBain to third
3-0: Called Strike
3-1: Base on Balls
Batting: LHB Carlos Cuellar 0-0: Called Strike
0-1: Swinging Strike
0-2: Strikes out swinging
Batting: RHB Freddie Brown 0-0: Called Strike
Tak-keung Chieu is caught stealing 2nd base 2-4
Bottom of the 7th over - 2 runs, 3 hits, 0 errors, 1 left on base; Lakewood 4 - Fort Wayne 10
TOP OF THE 8TH
Lakewood BlueClaws batting - Pitching for Fort Wayne TinCaps : RHP Eric Johnson
Pitching: RHP Jim Canady
Batting: RHB Ioan Biros 0-0: Ball
1-0: Ground out 5-3 (Groundball, 5S, EV 80.6 MPH)
Batting: RHB Joe Hewitt 0-0: Foul Ball, location: 2F
0-1: Ball
1-1: SINGLE (Groundball, 25, EV 70.6 MPH) (infield hit)
Batting: SHB Ben Myers 0-0: SINGLE (Groundball, 56D, EV 99.4 MPH)
Joe Hewitt to second
Batting: LHB Danny Zuniga 0-0: Ball
1-0: Reached on error, E5 (Groundball, 5, EV 105.0 MPH)
Joe Hewitt to third
Ben Myers to second
Batting: SHB Gabe Fraunfelder 0-0: Called Strike
0-1: Ball
1-1: GRAND SLAM HOME RUN (Flyball, 9D, EV 96.2 MPH), Distance : 381 ft
Pitching: RHP Eric Busby
Batting: RHB Allen Gravel 0-0: Foul Ball, location: 2F
0-1: Called Strike
0-2: SINGLE (Line Drive, 89S, EV 85.0 MPH)
Batting: RHB Marcus Dawson 0-0: SINGLE (Groundball, 56D, EV 100.0 MPH)
Allen Gravel to second
Batting: RHB Frank Ramirez 0-0: Hit by Pitch
Allen Gravel to third
Marcus Dawson to second
Batting: RHB Cory Bonham 0-0: Swinging Strike
0-1: Ball
1-1: Ball
2-1: Called Strike
2-2: Strikes out swinging
Batting: RHB Ioan Biros 0-0: Ball
1-0: Fly out, F5 (Line Drive, 5, EV 60.6 MPH)
Top of the 8th over - 4 runs, 5 hits, 1 error, 3 left on base; Lakewood 8 - Fort Wayne 10
BOTTOM OF THE 8TH
Fort Wayne TinCaps batting - Pitching for Lakewood BlueClaws : RHP Javier Perez
Pitching: RHP Chris Miles
Batting: RHB Freddie Brown 0-0: Ball
1-0: Called Strike
1-1: Ball
2-1: Ball
3-1: Foul Ball, location: 2F
3-2: SINGLE (Line Drive, 56D, EV 96.2 MPH)
Batting: SHB Yutaro Takahashi 0-0: Ball
1-0: Swinging Strike
1-1: Foul Ball, location: 2F
1-2: Ball
2-2: Ball
3-2: Fly out, F3 (Line Drive, 34, EV 73.1 MPH)
Batting: RHB John Freeman 0-0: SINGLE (Line Drive, 56D, EV 98.8 MPH)
Freddie Brown to second
Batting: RHB Hector Fernandez 0-0: Ground out 6-3 (Groundball, 6M, EV 104.4 MPH)
Freddie Brown to third
John Freeman to second
Batting: RHB Phil McFadden 0-0: Intentional Walk
Batting: RHB Ed Oake 0-0: Called Strike
0-1: Ball
1-1: Ball
2-1: Ground out U3 (Groundball, 34, EV 101.2 MPH)
Bottom of the 8th over - 0 runs, 2 hits, 0 errors, 3 left on base; Lakewood 8 - Fort Wayne 10
TOP OF THE 9TH
Lakewood BlueClaws batting - Pitching for Fort Wayne TinCaps : RHP Eric Busby
Pitching: RHP Colin Dorsey
Batting: RHB Joe Hewitt 0-0: Ball
1-0: Ball
2-0: Foul Ball, location: 2F
2-1: Swinging Strike
2-2: Strikes out looking
Batting: SHB Ben Myers 0-0: Ball
1-0: Ball
2-0: Foul Ball, location: 2F
2-1: Foul Ball, location: 2F
2-2: Foul Ball, location: 2F
2-2: Foul Ball, location: 2F
2-2: Foul Ball, location: 2F
2-2: Ground out U3 (Groundball, 3, EV 90.0 MPH)
Batting: LHB Danny Zuniga 0-0: Ball
1-0: Ground out 4-3 (Groundball, 4, EV 101.9 MPH)
Top of the 9th over - 0 runs, 0 hits, 0 errors, 0 left on base; Lakewood 8 - Fort Wayne 10
Thursday, December 15th , 2022 - OOTP Baseball 23.9 Build 102